Cogmind - Beta 13 @@@ ROGUE MODE // 2024.04.26 @ 19:24:16 Player: rel Result: Destroyed by X-57 Shotgunner with Shotgun Performance ------------- Evolutions (2) 1000 Regions Visited (3) 600 Robots Destroyed (81) 405 Value Destroyed (2271) 2271 Prototype IDs (4) 80 Alien Tech Used (0) 0 Bonus (237) 237 TOTAL SCORE: 4593 Bonus ------- High Alert Combat Kills 237 Cogmind --------- Core Integrity 0/550 Matter 285/300 Energy 33/100 System Corruption 26% Temperature Cool (0) Movement Core (50) Location -8/Materials Parts ------- > --- POWER (2) -------- (None) > --- PROPULSION (3) --- (None) > --- UTILITY (4) ------ (None) > --- WEAPON (2) ------- Pulse Rifle > --- INVENTORY (5) ---- Datajack Plasma Cutter Peak State ------------ > --- POWER ------------ Light Deuterium Engine Light Angular Momentum Engine > --- PROPULSION ------- Armored Wheel Armored Wheel > --- UTILITY ---------- Cryofiber Web Medium Storage Unit Signal Interpreter Hacking Suite > --- WEAPON ----------- Pulse Rifle Pulse Rifle > --- INVENTORY -------- Armored Wheel Pulse Rifle Pulse Rifle Pulse Rifle Shock Bomb Launcher Datajack Plasma Cutter Flail [Rating: 27] Favorites ----------- Power Heavy Ion Engine Engine Heavy Ion Engine Power Core Light Nuclear Core Propulsion Armored Wheel Leg Improved Aluminum Leg Wheel Armored Wheel Hover Unit Improved Hover Unit Flight Unit Improved Flight Unit Utility Medium Storage Unit Device Sensor Array Storage Medium Storage Unit Processor Signal Interpreter Hackware Hacking Suite Weapon Improved Light Cannon Energy Gun Pulse Rifle Ballistic Gun Autogun Ballistic Cannon Improved Light Cannon Launcher Grenade Launcher Special Weapon Plasma Cutter Impact Weapon Flail Special Melee Weapon Datajack Build | -11 -10 -9 -8 ------- Run | Yrd Mat Mat Mat Slots Evolved 4 | . . 2 2 Power 1 | . . . 1 Propulsion 1 | . . 1 . Utility 2 | . . 1 1 Weapon . | . . . . Parts Attached 105 | 7 24 50 24 Power 12 | 1 3 5 3 Engine 11 | 1 3 5 2 Core 1 | . . . 1 Reactor . | . . . . Propulsion 24 | 2 5 13 4 Treads . | . . . . Leg 1 | . . 1 . Wheel 17 | 2 3 8 4 Hover 5 | . 2 3 . Flight 1 | . . 1 . Utility 23 | 1 5 13 4 Device 4 | . . 3 1 Storage 7 | 1 3 2 1 Processor 6 | . 2 3 1 Hackware 6 | . . 5 1 Protection . | . . . . Artifact . | . . . . Weapon 46 | 3 11 19 13 Energy Gun 12 | 2 . 2 8 Energy Cannon . | . . . . Ballistic Gun 10 | 1 . 7 2 Ballistic Cannon 11 | . 7 4 . Launcher 2 | . . 1 1 Special Weapon 5 | . 4 1 . Impact Weapon 5 | . . 4 1 Slashing Weapon . | . . . . Piercing Weapon . | . . . . Special Melee Weapon 1 | . . . 1 Unidentified Prototypes 2 | . . 2 . Parts Lost 35 | . 3 11 21 Power 6 | . . 2 4 Propulsion 12 | . 1 5 6 Utility 6 | . . 1 5 Weapon 11 | . 2 3 6 Highest Loss Streak 17 | . 2 3 17 To Critical Strikes 1 | . . . 1 Average Slot Usage (%) 87 | . 86 90 84 Engine 10 | . 13 9 7 Wheel 18 | . 9 24 24 Hover 8 | . 17 4 . Device 3 | . . 6 . Storage 12 | . 14 11 10 Processor 9 | . 3 11 19 Energy Gun 3 | . . . 14 Ballistic Gun 6 | . 5 10 1 Ballistic Cannon 9 | . 19 5 . Impact Weapon 1 | . . 2 . Naked Turns . | . . . . Heaviest Build 30 | 13 29 25 30 Greatest Support 36 | 26 26 36 36 Greatest Overweight (x) 7 | . 7 7 2 Average Overweight (x) . | . . . . Largest Inventory Capacity 30 | 8 15 30 10 Average Capacity 10 | 6 11 10 9 Most Carried 12 | 5 12 10 10 Average Carried 8 | 2 8 9 9 Final Capacity 10 | 8 10 10 5 Final Carried 10 | 2 10 10 2 Class Distribution -------------------- 100% | Mutant Dominant Class ---------------- Mutant | -10/Materials Mutant | -9/Materials Mutant | -8/Materials Resources | -11 -10 -9 -8 ----------- Run | Yrd Mat Mat Mat Matter Collected 2193 | 239 562 1145 247 Remotely . | . . . . Salvage Created 2717 | . 692 1505 520 Parts 149 | . 39 98 12 Haulers Intercepted 7 | . 2 4 1 Recyclers Shooed 5 | . 3 2 . Parts Field Recycled . | . . . . Retrieved Matter . | . . . . Parts Self-Destructed . | . . . . Prevented . | . . . . Kills | -11 -10 -9 -8 ------- Run | Yrd Mat Mat Mat Combat Hostiles Destroyed 61 | . 15 35 11 Guns 29 | . 1 19 9 Cannons 29 | . 14 15 . Classes Destroyed 12 | . 6 5 1 Worker 3 | . 1 2 . Builder 1 | . . 1 . Hauler 7 | . 2 4 1 Recycler 4 | . 3 1 . Mechanic 1 | . 1 . . Operator 1 | . . . 1 Watcher 4 | . . 4 . Swarmer 9 | . 6 3 . Grunt 41 | . 9 22 10 Brawler 1 | . . 1 . Duelist 2 | . . 2 . Sentry 8 | . . 7 1 Best Kill Streak 6 | . 3 6 3 Combat Bots Only 6 | . 3 6 3 Max Kills in Single Turn 1 | . 1 1 1 Gunslinging . | . . . . Exploded . | . . . . Melee . | . . . . Uniques/NPCs Destroyed . | . . . . Combat | -11 -10 -9 -8 -------- Run | Yrd Mat Mat Mat Hostile Shots Fired 390 | . 61 171 158 Missed 103 | . 17 48 38 Damage Taken 4395 | . 441 1887 2067 Core 963 | . 48 365 550 Absorbed by Shields . | . . . . Regen/Repaired (Parts) 88 | . . 88 . Core Remaining (%) 62 | 100 80 8 . Volleys Fired 231 | . 57 122 52 Largest 2 | . 2 2 2 Hottest 126 | . 78 84 126 Shots Fired 418 | . 113 205 100 Gun 237 | . 24 114 99 Cannon 149 | . 72 77 . Launcher 8 | . . 7 1 Special 24 | . 17 7 . Kinetic 271 | . 96 167 8 Thermal 115 | . 17 7 91 Explosive 7 | . . 7 . Electromagnetic 25 | . . 24 1 Robot Hit Streak 20 | . 9 20 17 Robot Miss Streak 6 | . 6 4 2 Penetration Max . | . . . . Secondary Targets 3 | . . 1 2 Max Gunslinging Chain 1 | . . 1 1 Shots Hit Robots 303 | . 64 146 93 Core Hits 127 | . 27 73 27 Critical Kills . | . . . . Critical Parts Destroyed 7 | . . 5 2 Critical Strikes 13 | . 2 7 4 Burn 2 | . . . 2 Destroy 1 | . . 1 . Blast 3 | . 2 1 . Smash 7 | . . 5 2 Melee Attacks 45 | . . 28 17 Impact 41 | . . 28 13 Slashing . | . . . . Piercing . | . . . . Sneak Attacks . | . . . . Combat Hostiles . | . . . . Follow-up Attacks . | . . . . Damage Inflicted 5675 | . 1112 2731 1832 Guns 2589 | . 102 1144 1343 Cannons 1943 | . 888 1055 . Explosions 383 | . . 238 145 Melee 638 | . . 294 344 Ramming 10 | . 10 . . Kinetic 2990 | . 990 1947 53 Thermal 1402 | . 112 . 1290 Explosive 238 | . . 238 . Electromagnetic 397 | . . 252 145 Impact 638 | . . 294 344 Slashing . | . . . . Piercing . | . . . . Highest Corruption 26 | . 2 3 26 Average Corruption 2 | . 2 2 15 Corruption Purged . | . . . . Corruption Blocked . | . . . . Effects 28 | . 12 15 1 Message Errors 5 | . 2 3 . Matter Fused 3 | . 1 2 . Heat Flow Errors 3 | . 1 2 . Energy Discharges 5 | . 4 1 . Parts Rejected 1 | . . 1 . Data Loss (minor) 6 | . 3 3 . Data Loss (major) 1 | . . 1 . Misfires 1 | . . 1 . Alerts 2 | . 1 . 1 Weapon Failures 1 | . . 1 . Overload Shots . | . . . . Overflow Damage 214 | . 21 100 93 Projectiles 21 | . 21 . . Explosions 12 | . . 12 . Melee 181 | . . 88 93 Knockbacks 26 | . 8 13 5 Impact 4 | . . . 4 Kinetic 18 | . 8 10 . Secondary 4 | . . 3 1 Self-Inflicted Damage 150 | . 4 124 22 Shots 6 | . . 5 1 Rammed 2 | . 2 . . Targets Rammed 2 | . 2 . . Kicked . | . . . . Crushed . | . . . . Highest Temperature 502 | . 101 264 502 Average Temperature 101 | . 23 34 207 Received Heat Transfer 1641 | . 162 534 945 Effects 13 | . . . 13 Shutdowns 3 | . . . 3 Energy Bleed 3 | . . . 3 Interference 3 | . . . 3 Short Circuit 1 | . . . 1 Damage (minor) 3 | . . . 3 Siege Activations . | . . . . Robots Corrupted . | . . . . Combat Hostiles . | . . . . Parts Fried . | . . . . Impact Corruptions 8 | . . 4 4 Robots Melted 1 | . . . 1 Combat Hostiles . | . . . . Parts Melted 2 | . 1 . 1 Heat Transferred 3330 | . 370 . 2960 Parts Sabotaged . | . . . . Parts Stolen . | . . . . Parts Stripped . | . . . . Power Chain Reactions . | . . . . Alert | -11 -10 -9 -8 ------- Run | Yrd Mat Mat Mat Peak Influence 787 | . 296 787 434 Initial 332 | . . 81 332 Average 324 | . 142 476 343 Maximum Alert Level 3 | . 1 3 2 Low Security (%) 29 | 100 66 9 . Level 1 39 | . 33 25 85 Level 2 25 | . . 51 14 Level 3 6 | . . 13 . Level 4 . | . . . . Level 5 . | . . . . High Security . | . . . . Max Security . | . . . . Squads Dispatched 18 | . 5 10 3 Investigation 11 | . 4 6 1 Extermination . | . . . . Reinforcement 5 | . 1 2 2 Assault 2 | . . 2 . Garrison . | . . . . Intercept . | . . . . Searches Triggered . | . . . . Construction Impeded . | . . . . Haulers Reinforced . | . . . . Active Scanning Responses . | . . . . Cargo Convoy Interrupts . | . . . . Stealth | -11 -10 -9 -8 --------- Run | Yrd Mat Mat Mat Distress Signals 6 | . 2 1 3 Communications Jammed . | . . . . Distress Signals . | . . . . Times Spotted 124 | . 38 62 24 Peak Tracking Total 11 | . 7 7 11 Tactical Retreats 8 | . 3 3 2 Traps | -11 -10 -9 -8 ------- Run | Yrd Mat Mat Mat Traps Triggered 7 | . 4 2 1 Indirectly . | . . . . Trap Hack Attempts . | . . . . Triggered . | . . . . Disarmed . | . . . . Reprogrammed 3 | . . 3 . Reused 2 | . . 2 . Traps Extracted . | . . . . Installed . | . . . . Triggered 2 | . . 2 . Machines | -11 -10 -9 -8 ---------- Run | Yrd Mat Mat Mat Machines Disabled 3 | . 1 2 . Max in Single Turn 1 | . 1 1 . Machines Repaired . | . . . . Machines Dismantled 3 | . 2 1 . Machines Sabotaged . | . . . . Overloaded Fab Kills . | . . . . Hacking | -11 -10 -9 -8 --------- Run | Yrd Mat Mat Mat Machines Accessed 20 | . 8 10 2 Terminals 14 | . 6 7 1 Fabricators . | . . . . Repair Stations 1 | . . 1 . Recycling Units 5 | . 2 2 1 Scanalyzers . | . . . . Garrison Access . | . . . . Total Hacks 61 | . 27 29 5 Successful 26 | . 11 13 2 Failed 35 | . 16 16 3 Catastrophic 8 | . 2 5 1 Database Lockouts . | . . . . Manual . | . . . . Terminals 44 | . 21 20 3 Fabricators . | . . . . Repair Stations 3 | . . 3 . Recycling Units 14 | . 6 6 2 Scanalyzers . | . . . . Garrison Access . | . . . . Terminal Hacks 15 | . 5 9 1 Record 2 | . 1 1 . Prototype ID Bank 1 | . . 1 . Branch Access Points 2 | . 1 1 . Scanalyzer Index 1 | . . 1 . Alert Level 1 | . . . 1 Reprogram Traps 1 | . . 1 . Maintenance Status 2 | . 1 1 . Investigation Status 1 | . 1 . . Reinforcement Status 2 | . 1 1 . Hauler Manifests 1 | . . 1 . Registered Components 1 | . . 1 . Fabricator Hacks . | . . . . Repair Station Hacks 2 | . . 2 . Scan Component 1 | . . 1 . Repair 1 | . . 1 . Recycling Unit Hacks 9 | . 6 2 1 Process 1 | . 1 . . Report Inventory 1 | . 1 . . Retrieve Matter 2 | . 2 . . Retrieve Components 5 | . 2 2 1 Scanalyzer . | . . . . Garrison Access Hacks . | . . . . Unauthorized Hacks . | . . . . Terminals . | . . . . Fabricators . | . . . . Repair Stations . | . . . . Recycling Units . | . . . . Scanalyzers . | . . . . Garrison Access . | . . . . Data Cores Recovered . | . . . . Used . | . . . . Hacking Detections 17 | . 6 9 2 Full Trace Events 12 | . 5 6 1 Feedback Events 1 | . . 1 . Corruption 1 | . . 1 . Feedback Blocked . | . . . . Robot Schematics Acquired . | . . . . Robots Built . | . . . . Authchips . | . . . . Time . | . . . . Total Robot Build Rating . | . . . . Part Schematics Acquired . | . . . . Parts Built . | . . . . Authchips . | . . . . Time . | . . . . Total Part Build Rating . | . . . . Parts Repaired 1 | . . 1 . Time 32 | . . 32 . Parts Recycled . | . . . . Recycled Matter 6 | . 6 . . Retrieved Matter 6 | . 6 . . Retrieved Components 17 | . 1 15 1 Parts Scanalyzed . | . . . . Part Schematics Acquired . | . . . . Parts Damaged . | . . . . Bothacking | -11 -10 -9 -8 ------------ Run | Yrd Mat Mat Mat Used RIF Installer . | . . . . Robots Hacked . | . . . . Non-combat . | . . . . Combat . | . . . . Robot Hacks Applied . | . . . . Relay Couplers Released . | . . . . Fabnet Peak Effective % . | . . . . Robots Rewired . | . . . . Allies Hacked . | . . . . Hacks Repelled . | . . . . Allies | -11 -10 -9 -8 -------- Run | Yrd Mat Mat Mat Total Allies . | . . . . Largest Group . | . . . . Highest-Rated Group . | . . . . Highest-Rated Ally . | . . . . Total Orders . | . . . . Ally Attacks . | . . . . Total Damage . | . . . . Kills . | . . . . Allies Corrupted . | . . . . Allies Melted . | . . . . Intel | -11 -10 -9 -8 ------- Run | Yrd Mat Mat Mat Robot Analysis Total . | . . . . Derelict Logs Recovered . | . . . . Drone Launches . | . . . . Drone Recoveries . | . . . . Exploration | -11 -10 -9 -8 ------------- Run | Yrd Mat Mat Mat Turns Passed 3828 | 42 1414 1692 680 Spaces Moved 2287 | 41 906 1086 254 Core 29 | 20 3 6 . Treads . | . . . . Legs . | . . . . Wheels 1550 | 21 333 942 254 Hover 706 | . 570 136 . Flight 2 | . . 2 . Fastest Speed 50 | 50 56 52 90 Average Speed 98 | 69 110 91 90 Slowest Speed 400 | 90 400 400 120 Overloaded Moves . | . . . . Propulsion Burnouts . | . . . . Robots Hopped . | . . . . Cave-ins Triggered . | . . . . Exploration Rate (%) 54 | 3 98 92 24 Regions Visited 3 Branch Regions . Pre-discovered Areas . | . . . . Known Exits Taken 1 | . . 1 . Unknown Exits Taken 2 | 1 1 . . Scrap Searched . | . . . . Spaces Dug 10 | . . 10 . Terrain Destroyed 52 | . 1 51 . Melee 10 | . . 10 . Projectile 5 | . 1 4 . AOE 37 | . . 37 . Terrain Rammed . | . . . . Walls Destroyed . | . . . . Machines Disabled . | . . . . Actions | -11 -10 -9 -8 --------- Run | Yrd Mat Mat Mat Total 3330 | 52 1175 1522 581 Wait 521 | . 129 175 217 Move 2284 | 40 905 1085 254 Hop . | . . . . Pick Up 75 | 5 30 32 8 Fast Attach 22 | 3 2 9 8 Attach 41 | 3 13 17 8 Detach 2 | . 2 . . Swap 42 | 1 9 24 8 Drop 45 | . 15 21 9 Fire 231 | . 57 122 52 Melee 45 | . . 28 17 Ram 2 | . 2 . . Kick . | . . . . Crush . | . . . . Escape Stasis . | . . . . Rewire . | . . . . Trap . | . . . . Miscellaneous 20 | . 11 9 . Route ------- -11/Scrapyard -10/Materials (discovered 5 exits: *Mat x3 / *Min x2) -9/Materials (discovered 4 exits: *Mat x3 / *Min) -8/Materials History --------- Turn | Location | Event 2 | -11/Scrapyard | Met Revision 17 20 | -11/Scrapyard | Discovered new exit (range 14) 43 | -11/Scrapyard | Entered Materials 287 | -10/Materials | Discovered new exit (range 13) 312 | -10/Materials | Build established: Mutant 429 | -10/Materials | Discovered new exit (range 12) 520 | -10/Materials | Identified exit to Mines 626 | -10/Materials | Discovered new exit (range 4) 1061 | -10/Materials | Discovered new exit (range 3) 1457 | -10/Materials | Entered another Materials area 1457 | -9/Materials | Evolved 2 slots: Propulsion x1, Utility x1 1682 | -9/Materials | Lost 3 parts (2n1w) 1828 | -9/Materials | Identified exit to Mines 2196 | -9/Materials | Discovered new exit (range 15) 2460 | -9/Materials | Core integrity fell below 50% 2647 | -9/Materials | Repaired Arm. Wheel 2680 | -9/Materials | Discovered new exit (range 16) 2855 | -9/Materials | Core integrity fell below 20% 3057 | -9/Materials | First assault squad dispatched 3135 | -9/Materials | Discovered new exit (range 7) 3148 | -9/Materials | Identified exit to Materials 3149 | -9/Materials | Entered another Materials area 3149 | -8/Materials | Evolved 2 slots: Power x1, Utility x1 3782 | -8/Materials | Core integrity fell below 50% 3801 | -8/Materials | System corruption reached 10% 3827 | -8/Materials | Core integrity fell below 20% 3829 | -8/Materials | Destroyed by X-57 Shotgunner with Shotgun Last Messages --------------- 03814_ Shock Bomb Launcher destroyed. 03814_ System corrupted by crushing effect (+5). 03814_ Knocked back. 03816_ System corrupted: IFF burst signal emitted. 03818_ Critical hit (Burn: +37). 03821_ G-47 Trooper destroyed. 03824_ U-05 Engineer lays Concrete. 03825_ Med. Storage Unit destroyed. 03825_ System corrupted by crushing effect (+5). 03825_ Critical hit (Burn: +37). 03826_ X-57 Shotgunner destroyed. 03826_ U-05 Engineer lays Concrete. 03827_ U-05 Engineer repairs door. 03827_ Pulse Rifle destroyed. 03827_ Critical hit (Burn: +37). 03828_ Pulse Rifle destroyed. 03828_ System corrupted by crushing effect (+1). 03828_ Knocked back. 03829_ U-05 Engineer lays Concrete. Map ----- +----------------------------------------------------+ | ?????????????????????????????????????????????????? | | ?????????????????????????????????????????????????? | | ?????????????????????????????????????????????????? | | ?????????????????????????????????????????????????? | | ?????????????????????????????????????????????????? | | ?????????????????????????????????????????????????? | | ?????????????????????????????????????????????????? | | ?????????????????????????????????????????????????? | | ?????????????????????????????????????????????????? | | ?????????????????###?????????????????????????????? | | ????????????????? ?????????????????????????????? | | ?????????????????? ?????????????????????######### | | ?????????????????? ???????????????????? | | ??????????????????# ???????????????????# | | ??????????????????# ???????????????????# | | ??????????????????# ???????????????????# | | ??????????????????# ??????????????????# """ """ | | ??????????????????# ??????????????????# """ """ | | ??????????????????# ?##########???????# """ """ | | ?????????????????## ## #???????# | | ?????????????????# # #???????#####+#### | | ?????????????????# # x !! #???######## ### | | ?????????????????# uY=%[ !! #???# # | | ?????????????????# #gbg #???# ] + ### | | ?????????????????# #== #???#! # # | | ?????????????????## ## @ #???# # # | | ??????????????????# ?# #???# # # | | ??????????????????# ?# ###?# =]# # | | ??????????????????# ?########## ### %/ / | | ??????????????????# ?####### ########% #"" | | ???????????????? / # ## #"Y | | ?????????????????## ?###### """ # #"" | | ??????????????????# ????? ## """ + # | | ??????????????????# ????""" ?# """ # ### | | ??????????????????# ?? R" ?# #= ######?? | | ??????????????????# ?+ ?""??# """ ## ##??????? | | ???????????????????? ?# ? ??# """ ## #???????? | | ?????????????????????????= ??# """ ## #???????? | | ?????????????????????????##???# ## #???????? | | ??????????????????????????????# ## #???????? | | ???????????????????????????????! ? ?# #???????? | | ???????????????????????????????##?##?# +???????? | | ?????????????????????????????????????# #???????? | | ?????????????????????????????????????# #???????? | | ?????????????????????????????????????# #???????? | | ?????????????????????????????????????# #???????? | | ????????????????????????????????????? #???????? | | ??????????????????????????????????# ? #???????? | | ??????????????????????????????????# ????????? | | ??????????????????????????????????# ######### | +----------------------------------------------------+ Best States ------------- Heat Dissipation 31 Energy Generation 27 Energy Capacity 540 Matter Stores 300 Matter Capacity 300 Sight Range 20 Robot Scan Range 14 Terrain Scan Density 10 Base Temperature (-) 100 Evasion (%) 54 Targeting Accuracy 5 Offensive Hacking 10 Authchip Count 2 Item Schematics ----------------- None Robot Schematics ------------------ None Fabricated ------------ Nothing Alien Tech Used ----------------- None Achievements -------------- None Challenges ------------ None Game ------ Seed LinkedFlyingRegenerator Manual? 0 Play Time 00:43:48 Cumulative 11.7 hours Start 2024.04.26 @ 18:38:25 End 2024.04.26 @ 19:24:16 Sessions 1 Manual Loads 0 Difficulty Rogue Special Mode None Game No. 14 Rogue 14 Adventurer 0 Explorer 0 Win Type - Total 0 Types 0/0/0/0/0/0/0/0/0 Lore% 16 Gallery% 20 Achievement% 16 Wizard Run 0 Options --------- Layout 1 ASCII 0 Keyboard 0 Movement Mouse Keybinds 0 Fullscreen 1 Font 32/SmallcapsGlow Map View 50x35 Zoom Use 0% Tactical HUD 1 Map Filters NONE Filters NONE Steam 1 RUN: 76f722d1-8052-4571-95ce-83c8697381b8